 Dungeon Crawl Stone Soup version 0.18.1-48-g4cf74bf (webtiles) character file.

121 Alarkh the Shooter (level 4, 0/33 HPs)
             Began as a Mummy Hunter on Aug 18, 2016.
             Slain by a gnoll sergeant
             ... wielding a +1 trident of freezing
              (5 damage)
             ... on level 2 of the Dungeon.
             The game lasted 00:02:29 (2303 turns).

Alarkh the Shooter (Mummy Hunter)                   Turns: 2303, Time: 00:02:30

Health: 0/33       AC:  4    Str: 15    XL:     4   Next: 76%
Magic:  4/4        EV:  6    Int: 11    God:
Gold:   95         SH:  0    Dex: 12    Spells: 0 memorised, 3 levels left

rFire  x . .     SeeInvis .     b - +2 spear (freeze)
rCold  + . .     Gourm    .     c - +0 leather armour
rNeg   + + +     Faith    .     (no shield)
rPois  ∞         Spirit   .     (no helmet)
rElec  .         Dismiss  .     (no cloak)
rCorr  .         Reflect  .     h - +0 pair of gloves
SustAt .         Harm     .     (no boots)
MR     .....                    (no amulet)
Stlth  +.........               (no ring)
                                (no ring)

@: not resistant to hostile enchantments, very unstealthy
A: no food or potions, fire vulnerability, cold resistance 1, negative energy
resistance 3, torment resistance, unbreathing
a: no special abilities


You were on level 2 of the Dungeon.
You were not hungry.

You visited 1 branch of the dungeon, and saw 3 of its levels.

You collected 95 gold pieces.

Inventory:

Hand Weapons
 a - a +1 shortbow
 b - a +2 spear of freezing (weapon)
 g - a +0 short sword
Missiles
 d - 9 arrows
Armour
 c - a +0 leather armour (worn)
 h - a +0 pair of gloves (worn)
Scrolls
 e - a scroll of identify
 f - a scroll of magic mapping
 i - a scroll of random uselessness {unknown}
 j - a scroll of immolation {unknown}


   Skills:
 - Level 2.0 Fighting
 + Level 5.1 Bows
 - Level 1.5 Dodging
 - Level 0.7 Stealth


You had 3 spell levels left.
You didn't know any spells.

Dungeon Overview and Level Annotations

Branches:
Dungeon (3/15)

Altars:
Xom


Innate Abilities, Weirdness & Mutations

You do not eat or drink.
Your flesh is vulnerable to fire.
You are immune to poison.
Your flesh is cold resistant.
You are immune to negative energy.
You are immune to unholy pain and torment.
You can survive without breathing.


Message History

You shoot an arrow. The arrow hits the gnoll sergeant.
The gnoll sergeant is lightly wounded.
The gnoll sergeant hits you from afar with a trident of freezing!
The gnoll sergeant freezes you.
You are too injured to fight recklessly!
You are too injured to fight recklessly!
You are too injured to fight recklessly!
Press: ? - help, v - describe, . - travel
Here: a gnoll sergeant, wielding a trident of freezing and wearing a ring mail (lightly wounded)
The floor.
Unknown command.
Your +2 spear of freezing glows with a cold blue light!
b - a +2 spear of freezing (weapon)
The gnoll sergeant hits you from afar with a trident of freezing!
* * * LOW HITPOINT WARNING * * *
The gnoll sergeant freezes you.
* * * LOW HITPOINT WARNING * * *
There is an escape hatch in the ceiling here.
The gnoll sergeant hits you from afar with a trident of freezing.
You die...

#.##.#.#.# #.##g## #.##.#.#.#
###...## #.##.#.#.# ##⌠...⌠##
#.##.#.#.###### #.......#
#.##.#.#.#....# #.<.⌠.<.#
#.##.#.#.#.##.#######!......#
####.##.#.#.#..g.......##⌠.>.⌠###
......#.#.#.#..#.#########...##..
......#.#.#.#g.#@#...<.#.########
#####.#.#.#....#.#.###.#.#.......
#....#.#.#..#.#.# #.#.#...####
#..###.#....#.#.# #..........#
#..# #.#)####.#.# ###.#......#
#..###.#......#.# #...).....
#......#.######.# ##########
##..............#
################


You could see a gnoll sergeant.

Vanquished Creatures
  4 gnolls (D:2)
  2 adders (D:2)
  2 worms (D:2)
  A dart slug (D:2)
  A giant gecko (D:1)
  6 bats
  2 giant cockroaches (D:2)
  10 goblins
  3 hobgoblins (D:1)
  3 jackals (D:2)
  7 kobolds
  A quokka (D:2)
  2 ball pythons
  3 giant newts
  12 rats
59 creatures vanquished.

Notes
Turn   | Place    | Note
--------------------------------------------------------------
     0 | D:1      | Alarkh the Mummy Hunter began the quest for the Orb.
     0 | D:1      | Reached XP level 1. HP: 16/16 MP: 1/1
    41 | D:1      | You fall through a shaft!
    79 | D:2      | Reached XP level 2. HP: 22/22 MP: 2/2
    96 | D:2      | Reached skill level 4 in Bows
    96 | D:2      | Reached XP level 3. HP: 17/27 MP: 3/3
   600 | D:2      | Reached XP level 4. HP: 33/33 MP: 4/4
  1877 | D:2      | Found a shimmering altar of Xom.
  1979 | D:2      | Reached skill level 5 in Bows
  2235 | D:3      | Noticed a gnoll sergeant
  2303 | D:2      | Slain by a gnoll sergeant

Skill      XL: |  1  2  3  4 |
---------------+-------------+-----
Bows           | 4 5 |  5.1
Fighting       | |  2.0
Dodging        | |  1.5
Stealth        | |  0.7

Action                   |  1- 3 |  4- 6 || total
-------------------------+-------+-------++-------
Melee: Spear             |    26 |    83 ||   109
 Fire: Shortbow          |    24 |     7 ||    31
  Use: Scroll            |       |     1 ||     1
 Stab: Sleeping          |       |     4 ||     4
Armor: Leather armour    |     7 |    27 ||    34
Dodge: Dodged            |    11 |    41 ||    52
